 Dungeon Crawl Stone Soup version 0.18-b1-14-g029dad2 (webtiles) character file.

837 RudyRod the Grave Robber (level 7, -9/47 HPs)
             Began as a Demonspawn Necromancer on Apr 30, 2016.
             Mangled by an ogre
             ... wielding a +0 giant spiked club
              (17 damage)
             ... on level 4 of the Dungeon.
             The game lasted 00:36:09 (4908 turns).

RudyRod the Grave Robber (Demonspawn Necromancer)   Turns: 4908, Time: 00:36:10

Health: -9/47      AC:  4    Str:  9    XL:     7   Next: 66%
Magic:  5/16       EV:  7    Int: 18    God:
Gold:   221        SH:  0    Dex: 13    Spells: 4 memorised, 9 levels left

rFire  . . .     SeeInvis .     j - +1 trident (venom)
rCold  . . .     Gourm    .     q - +1 robe {MR+}
rNeg   . . .     Faith    .     (no shield)
rPois  .         Spirit   .     (helmet restricted)
rElec  .         Dismiss  .     x - +0 cloak
rCorr  .         Reflect  .     (no gloves)
SustAt .         Harm     .     (no boots)
MR     +....                    (no amulet)
Stlth  ++++......               (no ring)
                                (no ring)

@: lethally poisoned (-9 -> -15), somewhat resistant to hostile enchantments,
stealthy
A: antennae 1, claws 1, talons 1, nightstalker 2
a: no special abilities


You were on level 4 of the Dungeon.
You were hungry.

You visited 1 branch of the dungeon, and saw 4 of its levels.

You collected 221 gold pieces.

Inventory:

Hand Weapons
 g - a +0 short sword
 j - a +1 trident of venom (weapon)
 o - a +0 dagger
 r - a +2 dagger of flaming
Armour
 a - a +0 robe
 k - a +0 animal skin
 l - a +0 helmet
 q - a +1 robe of magic resistance (worn)
 x - a +0 cloak (worn)
Scrolls
 e - 2 scrolls of identify
 m - 2 scrolls of teleportation
 B - a scroll of enchant weapon
 D - 2 scrolls of remove curse
Potions
 i - a potion of flight {unknown}
 p - a potion of lignification {unknown}
 s - a potion of ambrosia {unknown}
 u - 3 potions of mutation
 z - a potion of might {unknown}
 A - a potion of curing {unknown}
Books
 b - a book of Necromancy

   Spells                             Type                      Level
   a - Pain                           Necromancy                   1
   b - Animate Skeleton               Necromancy                   1
   c - Vampiric Draining              Necromancy                   3
   d - Regeneration                   Charms/Necromancy            3
   e - Animate Dead                   Necromancy                   4
   f - Control Undead                 Necromancy                   4
Comestibles
 c - a bread ration
 d - 2 beef jerkies
 f - a meat ration
 h - 4 fruits


   Skills:
 + Level 0.8 Fighting
 + Level 2.2 Dodging
 + Level 2.0 Stealth
 + Level 6.1 Spellcasting
 + Level 7.4 Necromancy


You had 9 spell levels left.
You knew the following spells:

 Your Spells              Type           Power        Failure   Level  Hunger
a - Pain                  Necr           ####         1%          1    None
b - Animate Skeleton      Necr           N/A          1%          1    None
c - Vampiric Draining     Necr           ####......   1%          3    ##.....
d - Control Undead        Necr           ####......   8%          4    ####...


Dungeon Overview and Level Annotations

Branches:
Dungeon (4/15)
 Temple: D:4-7

Altars:


Innate Abilities, Weirdness & Mutations

You have a pair of small antennae on your head.
You have sharp fingernails.
You have sharp toenails.
You are significantly more attuned to the shadows.


Message History

Press: ? - help, Shift-Dir - straight line, f/p - worker ant
Aim: a worker ant (moderately wounded) Nothing appears to happen.
You are feeling hungry.
The worker ant bites you.
You are poisoned.
The worker ant poisons you!
Casting: Vampiric Draining
Confirm with . or Enter, or press ? or * to list all spells.
Aiming: Pain
Press: ? - help, Shift-Dir - straight line, f/p - worker ant
Aim: a worker ant (moderately wounded, chance to defeat MR: 89%)
The worker ant convulses in agony!
You feel sick. The worker ant bites you.
The ogre hits you with a giant spiked club!!
Ouch! That really hurt!
* * * LOW HITPOINT WARNING * * *
You feel sick. The worker ant bites you.
* * * LOW HITPOINT WARNING * * *
The ogre hits you with a giant spiked club!
You die...

# #...# #........##.# * #...#
#>.....#.##.# ## #...#
#.##.#......###### #. #...#
#.##.###.#.......# #Z
####...######.#..............# #.
†...........#.#.#.##.#.......# #.
.........a........##.........# #.
............##.O..####.......# #.
###.....O#####.a@.####.......# #.
#....#.# ##.#............# ##
#)...#.# #.##############
#....#.# #.# ***** ###....#O#
#.#**,,,******** ....O..a.#**
#.#*,,,,,,,,,,,* ###........#
**,**,,,,,,****,*
)......###.#**,,,,,,,,,,,***,*###
(##).....,...,*,,,,,,,,,,,,,,....


You could see an ogre and a worker ant.

Vanquished Creatures
  Sigmund (D:2)
  A black bear (D:3)
  2 ogres (D:4)
  A scorpion (D:4)
  2 giant frog skeletons (D:4)
  2 orc priests
  A hound (D:4)
  Ijyb (D:2)
  3 orc wizards (D:3)
  A worker ant (D:4)
  A hound skeleton (D:4)
  Robin (D:2)
  3 adders
  4 oozes
  4 dart slugs
  2 giant geckos
  6 orcs
  5 bats
  9 giant cockroaches
  10 hobgoblins
  10 jackals
  6 kobolds
  2 quokkas
  2 giant newts (D:1)
  21 goblins
  4 rats (D:1)
105 creatures vanquished.

Vanquished Creatures (collateral kills)
  2 orcs (D:3)
2 creatures vanquished.

Grand Total: 107 creatures vanquished

Notes
Turn   | Place    | Note
--------------------------------------------------------------
     0 | D:1      | RudyRod the Demonspawn Necromancer began the quest for the Orb.
     0 | D:1      | Reached XP level 1. HP: 13/13 MP: 3/3
     6 | D:1      | Learned a level 1 spell: Animate Skeleton
   145 | D:1      | Gained mutation: You are slightly more attuned to the shadows. [demonic ancestry]
   145 | D:1      | Reached XP level 2. HP: 14/19 MP: 0/5
   337 | D:1      | Reached skill level 5 in Necromancy
   744 | D:1      | Gained mutation: You have a pair of small antennae on your head. [demonic ancestry]
   744 | D:1      | Reached XP level 3. HP: 21/24 MP: 2/6
  1644 | D:2      | Noticed Robin
  1668 | D:2      | Reached XP level 4. HP: 23/30 MP: 3/8
  1819 | D:2      | Killed Robin
  2108 | D:1      | Learned a level 3 spell: Vampiric Draining
  2202 | D:2      | Noticed Ijyb
  2216 | D:2      | Killed Ijyb
  2464 | D:2      | Noticed Sigmund
  2511 | D:2      | Killed Sigmund
  2511 | D:2      | Reached skill level 6 in Necromancy
  2511 | D:2      | Gained mutation: You have sharp fingernails. [demonic ancestry]
  2511 | D:2      | Reached XP level 5. HP: 3/36 MP: 2/11
  2741 | D:2      | Gained mutation: You have sharp toenails. [demonic ancestry]
  2741 | D:2      | Reached XP level 6. HP: 37/42 MP: 9/12
  2776 | D:2      | Learned a level 4 spell: Control Undead
  3774 | D:3      | Reached skill level 5 in Spellcasting
  3950 | D:3      | Gained mutation: You are significantly more attuned to the shadows. [demonic ancestry]
  3950 | D:3      | Reached XP level 7. HP: 45/47 MP: 10/14
  4261 | D:4      | Reached skill level 7 in Necromancy
  4908 | D:4      | Mangled by an ogre

Skill      XL: |  1  2  3  4  5  6  7 |
---------------+----------------------+-----
Necromancy     | 5 6 7 |  7.4
Spellcasting   | 4 5 6 |  6.1
Dodging        | 2 |  2.2
Stealth        | 2 |  2.0
Fighting       | |  0.8

Action                   |  1- 3 |  4- 6 |  7- 9 || total
-------------------------+-------+-------+-------++-------
Melee: Unarmed           |     3 |       |       ||     3
       Short sword       |     1 |     1 |       ||     2
       Trident           |       |    18 |     7 ||    25
       Kick              |       |     2 |     1 ||     3
 Cast: Pain              |    70 |    82 |    38 ||   190
       Animate Skeleton  |     6 |     7 |     4 ||    17
       Vampiric Draining |       |    14 |     8 ||    22
       Control Undead    |       |       |     6 ||     6
  Use: Scroll            |       |       |     9 ||     9
  Eat: Chunk             |     2 |     4 |     4 ||    10
       Bread ration      |       |     1 |       ||     1
Armor: Robe              |     4 |     6 |     2 ||    12
Dodge: Dodged            |     8 |    37 |    24 ||    69
